General information
			
			
        
        - name: BNet
 
        - type: Ladder team game (AT/RT)
 
        - host: Battle.net
 
        - saver: sc2no.wc4yes
 
        
map: Mur'gulOasis 
        - players: 8
 
        - length: 09:31
 
        - speed: Fast
 - version: 1.22 W3XP
 - replay type:  Public
 
» download(67 KB)
Players
        team 1 (loser) 
              
              
» 
sc2no.wc4yes (
blue | 57 APM | 542 actions | 09:31)
              
 1 Blood Mage 
 1 Flame Strike
 
                » actions 
                
                | Assign group hotkey | 16 |  | 
| Basic commands | 6 |  | 
| Build / train | 47 |  | 
| ESC pressed | 2 |  | 
| Enter build submenu | 18 |  | 
| Enter hero's abilities submenu | 1 |  | 
| Give item / drop item | 1 |  | 
| Right click | 249 |  | 
| Select / deselect | 88 |  | 
| Select group hotkey | 77 |  | 
| Use ability | 37 |  | 
                542 total
 » units 
                » upgrades
                » buildings
                
                | Altar of Kings | 1 |  | 
| Farm | 3 |  | 
| Scout Tower | 9 |  | 
| Arcane Vault | 1 |  | 
| Arcane Tower | 2 |  | 
| Lumber Mill | 1 |  | 
| Guard Tower | 3 |  | 
| Keep | 1 |  | 
| Town Hall | 2 |  | 
                23 total
 » build order
                00:12 Altar of Kings
00:15 Farm
00:51 Scout Tower
00:57 Farm
01:10 Arcane Vault
01:26 Farm
01:51 Arcane Tower
01:57 Scout Tower
02:06 Scout Tower
02:44 Lumber Mill
03:08 Arcane Tower
03:20 Guard Tower
04:09 Keep
05:27 Scout Tower
05:28 Scout Tower
05:52 Scout Tower
05:53 Scout Tower
06:21 Guard Tower
06:23 Guard Tower
07:20 Town Hall
07:30 Town Hall
07:35 Scout Tower
07:36 Scout Tower
» items
                
                | Mechanical Critter | 2 |  | 
| Lesser Clarity Potion | 3 |  | 
| Scroll of Regeneration | 1 |  | 
| Ivory Tower | 4 |  | 
                10 total
  
               
              
              
Reverend_Andy_C (
pink | 42 APM | 399 actions | 09:31)
              
 3 Death Knight 
 2 Death Coil
 1 Unholy Aura
 
                » actions 
                
                | Assign group hotkey | 9 |  | 
| Build / train | 21 |  | 
| Enter build submenu | 10 |  | 
| Enter hero's abilities submenu | 3 |  | 
| Right click | 146 |  | 
| Select / deselect | 113 |  | 
| Select group hotkey | 81 |  | 
| Use ability | 16 |  | 
                399 total
 » units 
                
                | Acolyte | 4 |  | 
| Ghoul | 2 |  | 
| Crypt Fiend | 5 |  | 
                11 total
 » upgrades
                » buildings
                
                | Crypt | 1 |  | 
| Ziggurat | 5 |  | 
| Graveyard | 1 |  | 
| Altar of Darkness | 1 |  | 
| Halls of the Dead | 1 |  | 
| Nerubian Tower | 1 |  | 
| Tomb of Relics | 1 |  | 
| Black Citadel | 1 |  | 
| Sacrificial Pit | 1 |  | 
                13 total
 » build order
                00:11 Crypt
00:13 Ziggurat
00:44 Graveyard
01:04 Altar of Darkness
01:57 Ziggurat
02:43 Halls of the Dead
03:12 Nerubian Tower
04:41 Ziggurat
06:59 Tomb of Relics
07:24 Ziggurat
08:02 Black Citadel
08:40 Sacrificial Pit
09:03 Ziggurat
» items
                 
               
              
              
» 
undead_is_cool. (
green | 53 APM | 509 actions | 09:31)
              
 3 Demon Hunter 
 2 Immolation
 1 Mana Burn
 1 Priestess of the Moon 
 1 Trueshot Aura
 
                » actions 
                
                | Assign group hotkey | 3 |  | 
| Build / train | 24 |  | 
| Enter build submenu | 10 |  | 
| Enter hero's abilities submenu | 4 |  | 
| Remove unit from queue | 1 |  | 
| Right click | 331 |  | 
| Select / deselect | 90 |  | 
| Select group hotkey | 23 |  | 
| Use ability | 23 |  | 
                509 total
 » units 
                » upgrades
                » buildings
                
                | Altar of Elders | 1 |  | 
| Moon Well | 3 |  | 
| Ancient of War | 2 |  | 
| Tree of Ages | 1 |  | 
| Hunter's Hall | 1 |  | 
| Ancient of Wind | 2 |  | 
                10 total
 » build order
                00:52 Altar of Elders
00:57 Moon Well
01:25 Ancient of War
01:28 Ancient of War
02:09 Moon Well
03:14 Moon Well
04:05 Tree of Ages
06:02 Hunter's Hall
06:36 Ancient of Wind
06:42 Ancient of Wind
» items
                 
               
              
              
winzewski (
red | 49 APM | 471 actions | 09:31)
              
 3 Paladin 
 1 Holy Light
 2 Devotion Aura
 1 Mountain King 
 1 Storm Bolt
 
                » actions 
                
                | Assign group hotkey | 14 |  | 
| Build / train | 38 |  | 
| Enter build submenu | 22 |  | 
| Enter hero's abilities submenu | 4 |  | 
| Remove unit from queue | 2 |  | 
| Right click | 118 |  | 
| Select / deselect | 136 |  | 
| Select group hotkey | 107 |  | 
| Use ability | 30 |  | 
                471 total
 » units 
                » upgrades
                » buildings
                
                | Altar of Kings | 1 |  | 
| Farm | 9 |  | 
| Barracks | 2 |  | 
| Scout Tower | 4 |  | 
| Arcane Tower | 2 |  | 
| Lumber Mill | 1 |  | 
| Blacksmith | 1 |  | 
| Guard Tower | 1 |  | 
| Keep | 1 |  | 
| Castle | 1 |  | 
| Arcane Vault | 1 |  | 
| Arcane Sanctum | 1 |  | 
                25 total
 » build order
                00:18 Altar of Kings
00:25 Farm
00:32 Farm
00:55 Barracks
01:33 Scout Tower
01:39 Farm
02:08 Arcane Tower
02:14 Lumber Mill
03:08 Scout Tower
03:11 Scout Tower
03:35 Arcane Tower
03:55 Blacksmith
04:04 Guard Tower
04:12 Keep
04:22 Farm
04:28 Farm
05:30 Farm
06:31 Barracks
06:35 Farm
06:39 Castle
07:52 Arcane Vault
08:10 Arcane Sanctum
09:01 Scout Tower
09:04 Farm
09:05 Farm
» items
                
                | Scroll of Regeneration | 1 |  | 
| Lesser Clarity Potion | 1 |  | 
| Potion of Mana | 1 |  | 
                3 total
  
               team 2 (winner) 
              
              
gt-r (
purple | 49 APM | 468 actions | 09:31)
              
 2 Blademaster 
 1 Wind Walk
 1 Critical Strike
 
                » actions 
                
                | Build / train | 28 |  | 
| Enter build submenu | 12 |  | 
| Enter hero's abilities submenu | 2 |  | 
| Remove unit from queue | 1 |  | 
| Right click | 332 |  | 
| Select / deselect | 66 |  | 
| Use ability | 27 |  | 
                468 total
 » units 
                » buildings
                
                | Altar of Storms | 1 |  | 
| Orc Burrow | 3 |  | 
| Voodoo Lounge | 1 |  | 
| Stronghold | 2 |  | 
| War Mill | 1 |  | 
| Fortress | 1 |  | 
| Spirit Lodge | 1 |  | 
| Tauren Totem | 2 |  | 
                12 total
 » build order
                00:08 Altar of Storms
00:15 Orc Burrow
00:54 Voodoo Lounge
02:17 Stronghold
02:17 Stronghold
02:59 War Mill
05:14 Fortress
05:18 Spirit Lodge
06:13 Orc Burrow
07:39 Tauren Totem
07:49 Tauren Totem
07:53 Orc Burrow
» items
                
                | Healing Salve | 2 |  | 
| Lesser Clarity Potion | 2 |  | 
| Periapt of Vitality | 1 |  | 
| Boots of Speed | 1 |  | 
| Orb of Lightning | 1 |  | 
                7 total
  
               
              
              
KyrgyzstanPride (
orange | 74 APM | 701 actions | 09:31)
              
 1 Archmage 
 1 Blizzard
 
                » actions 
                
                | Assign group hotkey | 1 |  | 
| Basic commands | 7 |  | 
| Build / train | 43 |  | 
| Enter build submenu | 20 |  | 
| Enter hero's abilities submenu | 1 |  | 
| Right click | 496 |  | 
| Select / deselect | 97 |  | 
| Select group hotkey | 2 |  | 
| Use ability | 34 |  | 
                701 total
 » units 
                » upgrades
                » buildings
                
                | Altar of Kings | 1 |  | 
| Farm | 8 |  | 
| Lumber Mill | 2 |  | 
| Scout Tower | 5 |  | 
| Guard Tower | 8 |  | 
| Keep | 1 |  | 
| Blacksmith | 1 |  | 
| Arcane Vault | 1 |  | 
| Castle | 1 |  | 
| Workshop | 2 |  | 
                30 total
 » build order
                00:18 Altar of Kings
00:22 Farm
00:38 Lumber Mill
01:09 Scout Tower
01:20 Farm
01:32 Scout Tower
01:40 Guard Tower
02:05 Guard Tower
02:41 Keep
03:15 Blacksmith
03:26 Scout Tower
03:30 Scout Tower
03:31 Scout Tower
03:38 Farm
03:40 Farm
03:46 Arcane Vault
03:57 Guard Tower
04:22 Guard Tower
04:22 Guard Tower
04:56 Guard Tower
04:58 Farm
05:00 Farm
05:03 Castle
05:38 Farm
05:46 Farm
06:06 Guard Tower
06:48 Workshop
07:30 Workshop
08:32 Guard Tower
08:52 Lumber Mill
» items
                
                | Lesser Clarity Potion | 2 |  | 
| Scroll of Regeneration | 1 |  | 
| Ivory Tower | 11 |  | 
                14 total
  
               
              
              
Shadowohunter (
yellow | 36 APM | 339 actions | 09:31)
              
 2 Death Knight 
 1 Death Coil
 1 Unholy Aura
 
                » actions 
                
                | Build / train | 28 |  | 
| Enter build submenu | 14 |  | 
| Enter hero's abilities submenu | 2 |  | 
| Remove unit from queue | 2 |  | 
| Right click | 153 |  | 
| Select / deselect | 122 |  | 
| Use ability | 18 |  | 
                339 total
 » units 
                
                | Acolyte | 4 |  | 
| Ghoul | 7 |  | 
| Crypt Fiend | 2 |  | 
| Necromancer | 2 |  | 
| Abomination | 1 |  | 
                16 total
 » upgrades
                
                | Cannibalize | 1 |  | 
| Unholy Strength | 1 |  | 
| Unholy Armor | 1 |  | 
| Burrow | 0 |  | 
| Skeletal Longevity | 1 |  | 
| Disease Cloud | 1 |  | 
                5 total
 » buildings
                
                | Altar of Darkness | 1 |  | 
| Ziggurat | 5 |  | 
| Crypt | 1 |  | 
| Graveyard | 1 |  | 
| Tomb of Relics | 1 |  | 
| Halls of the Dead | 1 |  | 
| Black Citadel | 1 |  | 
| Temple of the Damned | 1 |  | 
| Slaughterhouse | 1 |  | 
                13 total
 » build order
                00:09 Altar of Darkness
00:14 Ziggurat
00:26 Crypt
01:50 Ziggurat
03:02 Graveyard
03:23 Tomb of Relics
03:28 Halls of the Dead
05:52 Black Citadel
07:14 Temple of the Damned
07:48 Slaughterhouse
08:04 Ziggurat
08:09 Ziggurat
08:54 Ziggurat
 
               
              
              
» 
BlottedScience (
teal | 44 APM | 419 actions | 09:31)
              
 3 Tauren Chieftain 
 2 Endurance Aura
 1 War Stomp
 
                » actions 
                
                | Assign group hotkey | 10 |  | 
| Basic commands | 19 |  | 
| Build / train | 29 |  | 
| ESC pressed | 2 |  | 
| Enter build submenu | 11 |  | 
| Enter hero's abilities submenu | 3 |  | 
| Remove unit from queue | 1 |  | 
| Right click | 78 |  | 
| Select / deselect | 146 |  | 
| Select group hotkey | 83 |  | 
| Use ability | 37 |  | 
                419 total
 » units 
                » upgrades
                
                | Ranged Weapons | 0 |  | 
| Melee Weapons | 2 |  | 
| Armor | 1 |  | 
                3 total
 » buildings
                
                | Orc Burrow | 6 |  | 
| Altar of Storms | 1 |  | 
| Barracks | 1 |  | 
| Stronghold | 2 |  | 
| War Mill | 1 |  | 
| Fortress | 1 |  | 
| Tauren Totem | 2 |  | 
                14 total
 » build order
                00:19 Orc Burrow
00:23 Altar of Storms
00:25 Barracks
02:02 Orc Burrow
02:18 Orc Burrow
03:36 Stronghold
04:16 War Mill
04:35 Orc Burrow
05:30 Orc Burrow
05:58 Fortress
06:22 Orc Burrow
08:24 Tauren Totem
08:27 Tauren Totem
 
                Chat log
          (00:03 / All) sc2no.wc4yes: fuck kyrgestan
(00:14 / All) KyrgyzstanPride: ya fuck kyrgestan
(00:20 / All) sc2no.wc4yes: fuck your country
(00:27 / All) KyrgyzstanPride: its not mine
(00:28 / All) KyrgyzstanPride: fucker
(00:30 / All) sc2no.wc4yes: fuck it
(00:30 / All) BlottedScience: why the hate
(00:43 / All) sc2no.wc4yes: can we hve a manner game pls
(00:45 / All) sc2no.wc4yes: no rush 20
(00:50 / All) BlottedScience: lmao
(00:51 / All) Reverend_Andy_C: lol
(01:12 / Allies) Reverend_Andy_C: fiends wyrms
(01:22 / Allies) winzewski: knigths
(01:35 / Allies) sc2no.wc4yes: fuckin a i could use some dick wood
(04:48 / Allies) sc2no.wc4yes: HELP
(04:49 / Allies) sc2no.wc4yes: HGELP
(04:50 / Allies) sc2no.wc4yes: HELERPASERFSD
(04:50 / Allies) sc2no.wc4yes: FA
(04:50 / Allies) sc2no.wc4yes: SDA
(04:51 / Allies) sc2no.wc4yes: FAS
(04:51 / Allies) sc2no.wc4yes: SDFA
(04:51 / Allies) sc2no.wc4yes: FASD
(05:00 / Allies) sc2no.wc4yes: help
(05:03 / Allies) sc2no.wc4yes: PLEASE
(05:15 / All) sc2no.wc4yes: my team is tking
(05:16 / All) sc2no.wc4yes: great
(05:20 / All) sc2no.wc4yes: fuckibng brazilians
(05:27 / Allies) undead_is_cool.: im from brazil
(05:31 / Allies) sc2no.wc4yes: i can tell.
(06:03 / Allies) sc2no.wc4yes: ohw aht the fuck
(06:05 / Allies) sc2no.wc4yes: fuck this game forever
(06:50 / Allies) sc2no.wc4yes: im so ready to leave this game
(06:53 / Allies) sc2no.wc4yes: everyting has raped me 
(07:38 / Allies) sc2no.wc4yes: if you free those
(07:40 / Allies) sc2no.wc4yes: im elaveiing
(07:43 / Allies) sc2no.wc4yes: you freed them...
(07:45 / Allies) sc2no.wc4yes: yuou freed them
(07:47 / Allies) sc2no.wc4yes: you freed them
(07:49 / Allies) sc2no.wc4yes: you freed them
(07:50 / Allies) sc2no.wc4yes: you freed them
(07:52 / Allies) sc2no.wc4yes: you freed them
(07:53 / Allies) Reverend_Andy_C: lol
(07:53 / Allies) sc2no.wc4yes: you free tthem
(07:55 / Allies) undead_is_cool.: sorry
(07:55 / Allies) sc2no.wc4yes: you freed tehm
(07:57 / Allies) sc2no.wc4yes: you freed them
(07:59 / Allies) sc2no.wc4yes: you freed them
(07:59 / Allies) undead_is_cool.: im noob
(08:01 / Allies) sc2no.wc4yes: you freed them
(08:03 / Allies) sc2no.wc4yes: why did you do that
(08:03 / Allies) sc2no.wc4yes: why
(08:04 / Allies) sc2no.wc4yes: why
(08:04 / Allies) sc2no.wc4yes: why
(08:05 / Allies) sc2no.wc4yes: why
(08:05 / Allies) sc2no.wc4yes: why
(08:06 / Allies) sc2no.wc4yes: why
(08:07 / Allies) sc2no.wc4yes: why
(08:07 / Allies) sc2no.wc4yes: why
(08:08 / Allies) sc2no.wc4yes: why
(08:08 / Allies) undead_is_cool.: ill help u
(08:08 / Allies) sc2no.wc4yes: why
(08:09 / Allies) sc2no.wc4yes: why
(08:09 / Allies) sc2no.wc4yes: why
(08:10 / Allies) sc2no.wc4yes: why
(08:10 / Allies) sc2no.wc4yes: why
(08:11 / Allies) sc2no.wc4yes: why
(08:12 / Allies) sc2no.wc4yes: why
(08:12 / Allies) sc2no.wc4yes: why
(08:13 / Allies) sc2no.wc4yes: why
(08:13 / Allies) sc2no.wc4yes: why
(08:14 / Allies) sc2no.wc4yes: why
(08:15 / Allies) sc2no.wc4yes: tell me
(08:17 / Allies) sc2no.wc4yes: dopnt help me
(08:19 / Allies) sc2no.wc4yes: just etell me
(08:19 / Allies) sc2no.wc4yes: why
(08:21 / Allies) sc2no.wc4yes: whyd id youd o that
(08:22 / Allies) sc2no.wc4yes: tel;l me why
(08:24 / Allies) sc2no.wc4yes: tell me why
(08:25 / Allies) sc2no.wc4yes: tell me why
(08:27 / Allies) sc2no.wc4yes: why did you do that
(08:29 / Allies) sc2no.wc4yes: tell me why
(08:31 / Allies) sc2no.wc4yes: why did you do that
(08:32 / Allies) sc2no.wc4yes: why
(08:32 / Allies) sc2no.wc4yes: why
(08:33 / Allies) sc2no.wc4yes: tell me
(08:34 / Allies) sc2no.wc4yes: tell me why
(08:37 / Allies) sc2no.wc4yes: why did you free them
(08:37 / Allies) sc2no.wc4yes: why
(08:38 / Allies) sc2no.wc4yes: why
(08:40 / Allies) sc2no.wc4yes: so ur hero coudl die?
(08:41 / Allies) undead_is_cool.: sorry
(08:42 / Allies) sc2no.wc4yes: so my expo coudld die?
(08:43 / Allies) sc2no.wc4yes: why
(08:44 / Allies) sc2no.wc4yes: tell me
(08:44 / Allies) sc2no.wc4yes: why
(08:45 / Allies) sc2no.wc4yes: why
(08:45 / Allies) sc2no.wc4yes: why
(08:46 / Allies) sc2no.wc4yes: whyt
(08:47 / Allies) sc2no.wc4yes: why
(08:50 / Allies) undead_is_cool.: im from brazil
(08:53 / Allies) sc2no.wc4yes: oh
(08:53 / Allies) sc2no.wc4yes: ok
(08:55 / Allies) sc2no.wc4yes: good reason
(09:13 / Allies) sc2no.wc4yes: that is the only reason
(09:15 / Allies) sc2no.wc4yes: you could have
(09:19 / Allies) sc2no.wc4yes: for that kind of subterfuge
(09:20 / Allies) sc2no.wc4yes: good reason
(09:20 / Allies) undead_is_cool.: yes
(09:22 / Allies) undead_is_cool.: idc
(09:26 / Allies) undead_is_cool.: im like bnet
(09:27 / Allies) undead_is_cool.: =)
(09:29 / All) sc2no.wc4yes: my ally is from brazil